 Dungeon Sprint DCSS version 0.27-a0-249-g74f53ef629 (webtiles) character file.

Game seed: 7070271320738874297

2892 mhtbhm the Cleaver (level 9, 0/86 (90) HPs)
             Began as a Minotaur Fighter on Feb 3, 2021.
             Was a High Priest of Trog.
             Slain by a tyrant leech (4 damage)
             ... in the Dungeon (Sprint VII: "The Pits") on Feb 4, 2021.
             The game lasted 00:02:30 (1428 turns).

mhtbhm the Cleaver (Minotaur Fighter)               Turns: 1428, Time: 00:02:31

HP:   0/86 (90)     AC: 18    Str: 23      XL:     9   Next: 48%
MP:   8/8           EV:  9    Int:  7 (8)  God:    Trog [*****.]
Gold: 0             SH: 13    Dex: 14      Spells: 8/8 levels left

rFire    . . .     SeeInvis .   a - +3 war axe (flame)
rCold    . . .     Faith    .   c - +0 kite shield
rNeg     . . .     Spirit   .   b - +4 chain mail
rPois    .         Reflect  .   (helmet restricted)
rElec    .         Harm     .   (no cloak)
rCorr    .         Rampage  .   p - +0 pair of gloves
Will     .....     NoTele   +   (no boots)
Stlth    ..........             (no amulet)
HPRegen  0.24/turn              n - +3 ring of intelligence
MPRegen  0.11/turn              o - +3 ring of dexterity

@: afraid, slowed, lightly drained, very slow
A: retaliatory headbutt, horns 2
a: Renounce Religion, Berserk, Trog's Hand, Brothers in Arms


You were in the Dungeon.
You worshipped Trog.
Trog was extremely pleased with you.
You visited 1 branch

Inventory:

Hand Weapons
 a - a +3 war axe of flaming (weapon)
Armour
 b - a +4 chain mail (worn)
 c - a +0 kite shield (worn)
 p - a +0 pair of gloves (worn)
Jewellery
 n - a +3 ring of intelligence (left hand)
 o - a +3 ring of dexterity (right hand)
Scrolls
 j - a scroll of blinking
 l - 3 scrolls of remove curse
 m - a scroll of summoning
Potions
 d - 3 potions of might
 e - 6 potions of curing
 f - 8 potions of heal wounds
 g - 5 potions of haste
 h - 4 potions of magic
 i - 4 potions of berserk rage
 k - 2 potions of invisibility


   Skills:
 + Level 12.3 Fighting
 + Level 13.8 Axes
 + Level 13.5 Armour
 + Level 2.5 Dodging
 + Level 1.3 Stealth
 + Level 12.8 Shields


You had 8 spell levels left.
You didn't know any spells.
Your spell library was empty.

Dungeon Overview and Level Annotations

Branches:
Dungeon (1/1)

Altars:
Ashenzari
Cheibriados
Dithmenos
Elyvilon
Fedhas
Gozag
Hepliaklqana
Kikubaaqudgha
Makhleb
Nemelex Xobeh
Okawaru
Qazlal
Ru
Sif Muna
Trog
Uskayaw
Vehumet
Wu Jian
Xom
Yredelemnul
Zin
The Shining One
Beogh
Jiyva
Lugonu


Innate Abilities, Weirdness & Mutations

You reflexively headbutt those who attack you in melee.
You have a pair of horns on your head.


Message History

The eidolon is moderately damaged.
You completely miss the tyrant leech. The tyrant leech bites you!
The tyrant leech draws strength from your injuries!
The eidolon hits you! The eidolon drains your vigour!
You feel yourself slow down.
The eidolon hits you but does no damage.
You barely miss the eidolon.
The eidolon is moderately damaged.
You miss the tyrant leech. The tyrant leech bites you!
* * * LOW HITPOINT WARNING * * *
The tyrant leech draws strength from your injuries!
You block the eidolon's attack. x2
Your chain mail prevents you from hitting the eidolon.
The eidolon is moderately damaged.
You slash the tyrant leech! You burn the tyrant leech. The eidolon hits you!
* * * LOW HITPOINT WARNING * * *
The eidolon drains your vigour!
You feel as though you will be slow longer.
You block the eidolon's attack. The tyrant leech bites you.
You die...

+#######################
.†))............@W......
.))).............w......
.##############++#######
.# .# .# .# .# .#


You could see an eidolon (scary) and a tyrant leech.

Vanquished Creatures
  A boulder beetle (D)
  A two-headed ogre (D)
  A deep elf pyromancer (D)
  A guardian mummy (D)
  Grinder (D)
  A fire elemental (D)
  Menkaure (D)
  3 floating eyes (D)
  A black bear (D)
  A sky beast (D)
  An ogre (D)
  3 wolves (D)
  A phantom (D)
  A scorpion (D)
  A jelly (D)
  A gnoll shaman (D)
  6 gnolls (D)
  A river rat (D)
  A white imp (D)
  An ufetubus (D)
  2 oozes (D)
  A leopard gecko (D)
  An orc (D)
  A ball python (D)
  2 quokkas (D)
  2 kobolds (D)
38 creatures vanquished.

Notes
Turn   | Place    | Note
-------+----------+-------------------------------------------
     0 | D        | mhtbhm the Minotaur Fighter began the quest for the Orb.
     0 | D        | Reached XP level 1. HP: 19/19 MP: 0/0
     8 | D        | Noticed a floating eye
    10 | D        | Paralysed by a floating eye for 4 turns
    14 | D        | Killed a floating eye
    15 | D        | Reached XP level 2. HP: 34/34 MP: 1/1
    15 | D        | Reached XP level 3. HP: 39/39 MP: 2/2
    15 | D        | Reached XP level 4. HP: 47/47 MP: 3/3
    19 | D        | Found a bloodstained altar of Trog.
    19 | D        | Found a shimmering blue altar of Sif Muna.
    19 | D        | Found a viscous altar of Jiyva.
    19 | D        | Found a hazy altar of Hepliaklqana.
    19 | D        | Found an opulent altar of Gozag.
    20 | D        | Found a glowing golden altar of the Shining One.
    20 | D        | Found a glowing silver altar of Zin.
    20 | D        | Found a basalt altar of Yredelemnul.
    20 | D        | Found a shimmering altar of Xom.
    20 | D        | Found an ornate altar of the Wu Jian Council.
    20 | D        | Found a sacrificial altar of Ru.
    20 | D        | Found a stormy altar of Qazlal.
    20 | D        | Found an iron altar of Okawaru.
    20 | D        | Found a sparkling altar of Nemelex Xobeh.
    20 | D        | Found a burning altar of Makhleb.
    20 | D        | Found a blossoming altar of Fedhas.
    20 | D        | Found a white marble altar of Elyvilon.
    20 | D        | Found a shadowy altar of Dithmenos.
    20 | D        | Found a snail-covered altar of Cheibriados.
    22 | D        | Found a radiant altar of Vehumet.
    22 | D        | Found a corrupted altar of Lugonu.
    22 | D        | Found a roughly hewn altar of Beogh.
    23 | D        | Found a hide-covered altar of Uskayaw.
    23 | D        | Found an ancient bone altar of Kikubaaqudgha.
    23 | D        | Found a broken altar of Ashenzari.
    30 | D        | Became a worshipper of Trog the Wrathful
    65 | D        | Noticed a floating eye
    68 | D        | Killed a floating eye
    69 | D        | Reached skill level 5 in Axes
    69 | D        | Reached XP level 5. HP: 50/56 MP: 4/4
    76 | D        | Reached * piety under Trog
   149 | D        | Noticed a floating eye
   151 | D        | Noticed a phantom
   153 | D        | Paralysed by a floating eye for 2 turns
   167 | D        | Killed a phantom
   167 | D        | Reached ** piety under Trog
   168 | D        | Reached XP level 6. HP: 41/63 MP: 5/5
   168 | D        | Paralysed by a floating eye for 3 turns
   172 | D        | Killed a floating eye
   173 | D        | Reached skill level 10 in Fighting
   173 | D        | Reached skill level 10 in Shields
   342 | D        | Noticed a sky beast
   346 | D        | Noticed Grinder
   348 | D        | Reached *** piety under Trog
   357 | D        | Killed a sky beast
   362 | D        | Reached XP level 7. HP: 64/73 MP: 6/6
   368 | D        | Reached **** piety under Trog
   369 | D        | Reached skill level 10 in Armour
   380 | D        | Paralysed by Grinder for 3 turns
   386 | D        | Paralysed by Grinder for 6 turns
   398 | D        | Killed Grinder
   768 | D        | Reached ***** piety under Trog
   779 | D        | Noticed Menkaure
   779 | D        | Noticed a boulder beetle
   779 | D        | Noticed a deep elf pyromancer
   784 | D        | Noticed a fire elemental
   784 | D        | Noticed a fire elemental
   795 | D        | Killed a boulder beetle
   796 | D        | Reached skill level 10 in Axes
   796 | D        | Reached skill level 1 in Dodging
   796 | D        | Reached XP level 8. HP: 25/82 MP: 7/7
   799 | D        | Killed Menkaure
   804 | D        | Killed a deep elf pyromancer
  1014 | D        | Noticed a guardian mummy
  1021 | D        | Killed a guardian mummy
  1021 | D        | Received a gift from Trog
  1078 | D        | Noticed a two-headed ogre
  1084 | D        | Reached XP level 9. HP: 90/90 MP: 8/8
  1084 | D        | Killed a two-headed ogre
  1085 | D        | Reached skill level 1 in Stealth
  1250 | D        | Received a gift from Trog
  1416 | D        | Noticed an eidolon
  1417 | D        | Noticed a tyrant leech
  1428 | D        | HP: 4/86 [eidolon (7)]
  1428 | D        | Slain by a tyrant leech

Illustrated notes

Levels and vault maps discovered:
D:        pitsprint [storerooms_1, entrance_room_1, metal_vault_2, armoury_2,
          mini_pit_1, grid_room_1, main_hall_1, silver_pit, the_coven_3,
          the_vestibule_1, steel_vault_1, golden_pit, hallway_of_sentries,
          crystal_vault_4, iron_vault_1, final_vault]

Skill      XL: |  1  2  3  4  5  6  7  8  9 |
---------------+----------------------------+-----
Fighting       | 7 8 9 10 11 12 | 12.3
Axes           | 4 5 7 10 12 13 | 13.8
Armour         | 6 8 9 11 12 13 | 13.5
Shields        | 6 8 9 10 11 12 | 12.8
Dodging        | 1 2 |  2.5
Stealth        | 1 |  1.3

Action                   |  1- 3 |  4- 6 |  7- 9 || total
-------------------------+-------+-------+-------++-------
Melee: War axe           |     2 |       |    21 ||    23
       Hand axe          |       |    46 |    61 ||   107
       Headbutt          |       |     7 |    24 ||    31
       Broad axe         |       |       |     4 ||     4
Invok: Berserk           |       |       |     4 ||     4
  Use: Potion            |       |       |     2 ||     2
Armor: Scale mail        |       |     4 |       ||     4
       Chain mail        |       |     3 |    20 ||    23
Dodge: Dodged            |       |     7 |    20 ||    27
Block: Kite shield       |       |    16 |    43 ||    59

Table legend: (Time is in decaauts)
 A = Elapsed time spent in this place.
 B = Non-inter-level travel time spent in this place.
 C = Inter-level travel time spent in this place.
 D = Time resting spent in this place.
 E = Time spent auto-exploring this place.
 F = Levels seen in this place.
 G = Mean time per level.
                   A        B        C        D        E       F      G
               +--------+--------+--------+--------+--------+-----+--------+
         Total |   1469 |   1469 |      0 |    851 |    131 |   1 | 1469.0 |
       Dungeon |   1469 |   1469 |      0 |    851 |    131 |   1 | 1469.0 |
               +--------+--------+--------+--------+--------+-----+--------+

Top non-repeatable levels by time:
       D: 1469 daAuts
